[Event "December 12 Late 2023"]
[Site "https://www.chess.com"]
[Date "2023.12.12"]
[Round "7"]
[White "Adamczyk, Zuzanna"]
[Black "Rodgers, Jack"]
[Result "1-0"]
[Board "80"]
[TimeControl "180+1"]
[WhiteFideId "1187570"]
[BlackFideId "3220885"]
[WhiteElo "2377"]
[BlackElo "2525"]
[WhiteTeam "POL"]
[BlackTeam "AUS"]
[WhiteClock "0:00:07"]
[BlackClock "0:00:05"]

1. Nf3 c5 2. e3 g6 3. b3 Bg7 4. Nc3 Nf6 5. Bb2 Ne4 6. Nxe4 Bxb2 7. Nxc5 Bxa1 8. Qxa1 f6 9. h3 b6 10. Nd3 Bb7 11. h4 Nc6 12. h5 Kf7 13. Nf4 d5 14. Nxd5 Na5 15. Nf4 Bxf3 16. gxf3 Rc8 17. Bh3 Rc6 18. b4 Nc4 19. Qc3 Ne5 20. Qb3+ Ke8 21. d4 Nxf3+ 22. Ke2 Nxd4+ 23. exd4 Qxd4 24. Rd1 Qe4+ 25. Qe3 Rxc2+ 26. Rd2 Qc4+ 27. Kf3 Qc6+ 28. Kg3 Rxd2 29. Qxd2 gxh5 30. Be6 h4+ 31. Kxh4 h5 32. Qd3 Qh1+ 33. Kg3 Qc6 34. Qg6+ Kd8 35. Qg7 h4+ 36. Kh3 Qe8 37. Bf7 Qf8 38. Ne6+ Kd7 39. Nxf8+ Rxf8 40. Qxf8 a5 41. Qe8+ Kd6 42. Qd8+ Ke5 43. Qxe7+ Kd4 44. Qxf6+ 1-0

[Event "December 12 Late 2023"]
[Site "https://www.chess.com"]
[Date "2023.12.12"]
[Round "7"]
[White "Sroczynski, Maciej"]
[Black "Rian, Kapriaga"]
[Result "0-1"]
[Board "81"]
[TimeControl "180+1"]
[WhiteFideId "1121472"]
[BlackFideId "7103263"]
[WhiteElo "2525"]
[BlackElo "2376"]
[WhiteTeam "POL"]
[BlackTeam "INA"]
[WhiteClock "0:00:38"]
[BlackClock "0:00:07"]

1. Nf3 Nf6 2. g3 b6 3. Bg2 Bb7 4. d3 c5 5. e4 d6 6. O-O g6 7. c3 Bg7 8. Re1 O-O 9. Nbd2 Nbd7 10. Nf1 e5 11. h4 d5 12. Qe2 dxe4 13. dxe4 Nxe4 14. Ng5 Nd6 15. Bxb7 Nxb7 16. h5 Qc7 17. Nh2 h6 18. Ngf3 Rae8 19. Nh4 Qc6 20. Be3 Nd6 21. Rad1 Nf5 22. Nxf5 gxf5 23. Qd2 Re7 24. Qd6 Qxd6 25. Rxd6 e4 26. Bxh6 Bxh6 27. Rxh6 Kg7 28. Rd6 Rh8 29. Nf3 Rxh5 30. Nh4 Ne5 31. Red1 Nd3 32. b3 Re6 33. Rd5 Kf6 34. Rd7 a5 35. Kg2 f4 36. Rh1 f3+ 37. Kh3 Nxf2+ 38. Kh2 Nxh1 39. Kxh1 Rxh4+ 40. gxh4 e3 0-1

[Event "December 12 Late 2023"]
[Site "https://www.chess.com"]
[Date "2023.12.12"]
[Round "7"]
[White "Marcziter, Dmitrii"]
[Black "YurasovMat-2012"]
[Result "0-1"]
[Board "82"]
[TimeControl "180+1"]
[WhiteFideId "13900765"]
[WhiteElo "2336"]
[BlackElo "2524"]
[WhiteTeam "GER"]
[WhiteClock "0:00:00"]
[BlackClock "0:01:08"]

1. d4 d5 2. Nf3 c6 3. c4 Nf6 4. Nc3 dxc4 5. a4 Bf5 6. e3 Na6 7. Bxc4 Nb4 8. O-O e6 9. a5 Bd6 10. Qe2 Ne4 11. Bd2 Nxd2 12. Qxd2 O-O 13. h3 Nd5 14. a6 b5 15. Bb3 Qf6 16. Qe2 Nxc3 17. bxc3 Be4 18. Nd2 Bg6 19. e4 e5 20. d5 cxd5 21. Bxd5 Rab8 22. Rfb1 Qg5 23. Nf3 Qf4 24. Qd2 Qf6 25. Qg5 Qxg5 26. Nxg5 Rfd8 27. Rb3 Rdc8 28. Rab1 Rc5 29. Bb7 h6 30. Nf3 f6 31. Rxb5 Rxb5 32. Rxb5 Bxe4 33. c4 Bf5 34. c5 Bc7 35. Nd2 Rd8 36. Nc4 Bd3 37. Rb4 Rd4 38. Kh2 e4+ 39. g3 Kf8 0-1

[Event "December 12 Late 2023"]
[Site "https://www.chess.com"]
[Date "2023.12.12"]
[Round "7"]
[White "Kopczynski, Michal"]
[Black "Gerbelli Neto, Eduardo"]
[Result "1-0"]
[Board "83"]
[TimeControl "180+1"]
[WhiteFideId "1124200"]
[BlackFideId "2103281"]
[WhiteElo "2521"]
[BlackElo "2352"]
[WhiteTeam "POL"]
[BlackTeam "BRA"]
[WhiteClock "0:00:47"]
[BlackClock "0:00:00"]

1. e4 e5 2. Nf3 Nc6 3. Bb5 a6 4. Ba4 d6 5. h3 f5 6. d3 Nf6 7. Nc3 Be7 8. Bb3 Na5 9. Bg5 Nxb3 10. axb3 O-O 11. Qd2 h6 12. Bxf6 Bxf6 13. O-O-O c6 14. exf5 Bxf5 15. g4 Be6 16. Kb1 b5 17. Rdg1 Bg5 18. Qe2 Bd5 19. Nxd5 cxd5 20. h4 Bf4 21. g5 h5 22. g6 Qf6 23. Ng5 Qxg6 24. Nh3 Qh6 25. Nxf4 Rxf4 26. Rg5 g6 27. Rhg1 Rf6 28. Rxh5 Qf4 29. Rhg5 Kf7 30. h5 Rg8 31. hxg6+ Rgxg6 32. Qh5 1-0

[Event "December 12 Late 2023"]
[Site "https://www.chess.com"]
[Date "2023.12.12"]
[Round "7"]
[White "Shapiro, Viktor"]
[Black "Awoki, Daniel Teidi"]
[Result "1-0"]
[Board "84"]
[TimeControl "180+1"]
[WhiteFideId "4175700"]
[BlackFideId "2100827"]
[WhiteElo "2521"]
[BlackElo "2270"]
[WhiteTeam "RUS"]
[BlackTeam "BRA"]
[WhiteClock "0:00:04"]
[BlackClock "0:00:02"]

1. c4 e5 2. Nc3 Nf6 3. g3 d5 4. cxd5 Nxd5 5. Bg2 Nb6 6. Nf3 Nc6 7. d3 Be7 8. O-O O-O 9. a3 Re8 10. b4 a5 11. b5 Nd4 12. Nd2 a4 13. e3 Ne6 14. Nf3 f6 15. Qe2 Nc5 16. Rd1 Nb3 17. Ra2 Nxc1 18. Rxc1 Be6 19. Raa1 Nd5 20. Ne4 Ra5 21. d4 Nb6 22. dxe5 fxe5 23. Nxe5 Bd5 24. f4 Bf6 25. Rd1 Bxe5 26. fxe5 Rxe5 27. Nc3 Qg5 28. Nxd5 Nxd5 29. Qc4 Qxe3+ 30. Kh1 c6 31. bxc6 bxc6 32. Qxc6 Rc5 33. Qa8+ Kf7 34. Qxa4 Nc3 35. Rf1+ Kg6 36. Qd7 h6 37. Qf7+ Kh7 38. a4 Ne4 39. Qf3 Qd2 40. Rad1 Qb2 41. Kg1 Rc2 42. Rde1 Nd2 43. Qd3+ Kg8 44. Rxe5 Qxe5 45. Qxc2 Nxf1 46. Qc4+ Kh8 47. Qxf1 Qd4+ 48. Kh1 Qxa4 49. Bf3 Qd7 50. Qe2 Qf7 51. Kg2 Qf6 52. h4 Qf8 53. h5 Qf6 54. Be4 Qf8 55. Qd3 Qb8 56. Bg6 Qf8 57. Qe4 Qb8 58. Qe8+ Qxe8 59. Bxe8 Kg8 60. Bg6 Kf8 61. Kf3 Ke7 62. Kf4 Kf6 63. Ke4 Ke6 64. Bf5+ Kf6 65. Kf4 Kf7 66. Ke5 Ke7 67. Bg6 Kf8 68. Ke6 Kg8 69. Kf5 Kf8 70. Kg4 Ke7 71. Bh7 Kf6 72. Bg8 Ke5 73. Bb3 Ke4 74. Bc2+ Ke5 75. Kh4 Kf6 76. g4 Ke5 77. g5 Ke6 78. Kg4 hxg5 79. Kxg5 Kf7 80. Bh7 Kf8 81. Kg6 1-0

[Event "December 12 Late 2023"]
[Site "https://www.chess.com"]
[Date "2023.12.12"]
[Round "7"]
[White "Tarnowska, Aleksandra"]
[Black "Karas, Marek"]
[Result "0-1"]
[Board "85"]
[TimeControl "180+1"]
[WhiteFideId "1180967"]
[BlackFideId "14928558"]
[WhiteElo "2199"]
[BlackElo "2521"]
[WhiteTeam "POL"]
[BlackTeam "CZE"]
[WhiteClock "0:00:02"]
[BlackClock "0:00:25"]

1. e4 c5 2. Nf3 Nc6 3. c3 Nf6 4. e5 Nd5 5. Bb5 e6 6. O-O Be7 7. d4 cxd4 8. Bxc6 bxc6 9. Qxd4 O-O 10. Nbd2 f6 11. Nc4 c5 12. Qg4 f5 13. Qg3 Kh8 14. Bg5 Ba6 15. Nd6 Bxf1 16. Rxf1 h6 17. Bxe7 Nxe7 18. Nh4 g5 19. Nf3 Rb8 20. h4 g4 21. Nd2 Ng6 22. N2c4 Qxh4 23. Qxh4 Nxh4 24. g3 Nf3+ 25. Kg2 Kg7 26. Rh1 Rh8 27. Rh5 Kg6 28. Rh1 h5 29. b3 h4 30. gxh4 Rxh4 31. Rd1 Rh2+ 32. Kf1 Rh1+ 33. Ke2 Rxd1 34. Kxd1 Rh8 35. Ke2 Rh1 36. Nc8 Re1+ 37. Kd3 Rd1+ 38. Kc2 Rf1 39. N4d6 Rxf2+ 40. Kd3 g3 41. Ne7+ Kg5 42. Nf7+ Kg4 43. Nh6+ Kh3 44. Ng6 g2 45. Nf4+ Kg3 46. Nh5+ Kh2 47. Nf4 g1=Q 48. Ne2 Qd1+ 49. Ke3 Qxe2+ 50. Kf4 Qd2# 0-1

[Event "December 12 Late 2023"]
[Site "https://www.chess.com"]
[Date "2023.12.12"]
[Round "7"]
[White "Flash_BJ"]
[Black "Bardyk, Artem"]
[Result "1-0"]
[Board "86"]
[TimeControl "180+1"]
[BlackFideId "34349979"]
[WhiteElo "2226"]
[BlackElo "2710"]
[BlackTeam "RUS"]
[WhiteClock "0:01:39"]
[BlackClock "0:01:26"]

1. e4 h6 2. d4 d6 3. Nc3 Nd7 4. Be3 g5 5. Qd2 Bg7 6. O-O-O Nf8 7. Kb1 Ng6 8. g3 Nf6 9. f3 c6 10. h4 Qa5 11. hxg5 hxg5 12. Rxh8+ Bxh8 13. Bxg5 Be6 14. Nge2 b5 15. Nc1 b4 16. N3e2 Rb8 17. Be3 Nd7 18. Nf4 Nxf4 19. gxf4 Nb6 20. f5 Bc4 21. b3 Bxf1 22. Rxf1 c5 23. dxc5 dxc5 24. Qh2 Rd8 25. Qxh8+ Kd7 26. Rd1+ 1-0

[Event "December 12 Late 2023"]
[Site "https://www.chess.com"]
[Date "2023.12.12"]
[Round "7"]
[White "Melikhov, Evgeny V."]
[Black "Saravana, Krishnan P."]
[Result "1/2-1/2"]
[Board "87"]
[TimeControl "180+1"]
[WhiteFideId "4122046"]
[BlackFideId "5018382"]
[WhiteElo "2413"]
[BlackElo "2607"]
[WhiteTeam "GRE"]
[BlackTeam "IND"]
[WhiteClock "0:00:09"]
[BlackClock "0:00:57"]

1. d4 Nf6 2. c4 e6 3. Nc3 Bb4 4. Qc2 O-O 5. e4 d6 6. e5 Nfd7 7. Nf3 Nc6 8. Bf4 Nxd4 9. Nxd4 dxe5 10. Be3 exd4 11. Bxd4 c5 12. Be3 b6 13. Bd3 Bb7 14. Bxh7+ Kh8 15. Be4 Bxc3+ 16. bxc3 Bxe4 17. Qxe4 Qf6 18. Rc1 Ne5 19. O-O Qf5 20. Qh4+ Qh7 21. Qf4 Nd3 22. Qc7 Nxc1 23. Rxc1 Kg8 24. h3 Rfd8 25. a4 Qe4 26. a5 Qxc4 27. axb6 axb6 28. Qxb6 Rd5 29. Kh2 Qa4 30. c4 Rf5 31. Bxc5 Rc8 32. Be3 Rxc4 33. Rxc4 Qxc4 34. Qb8+ Kh7 35. Qd6 Qe4 36. Qd1 Qe5+ 37. Kg1 Rf6 38. Qd3+ Qf5 39. Qxf5+ Rxf5 40. g4 Rd5 41. Kg2 Kg6 42. h4 f5 43. h5+ Kf6 44. g5+ Kf7 45. f4 e5 46. fxe5 Rxe5 47. Bf4 Re4 48. Kf3 Re1 49. h6 gxh6 50. gxh6 Kg6 51. Kg3 Ra1 52. Kf3 Ra3+ 53. Kg2 Ra7 54. Kf3 Kh5 55. Be3 Kg6 56. Bf4 Re7 57. Kg3 Rd7 58. Kf3 Rd3+ 59. Kg2 Rb3 60. Kf2 Ra3 61. Kg2 Kh5 62. h7 Ra2+ 63. Kf3 Ra8 64. Be5 Kg6 65. h8=Q Rxh8 66. Bxh8 f4 67. Kxf4 1/2-1/2

[Event "December 12 Late 2023"]
[Site "https://www.chess.com"]
[Date "2023.12.12"]
[Round "7"]
[White "NovakRatko"]
[Black "Rees, Ioan"]
[Result "0-1"]
[Board "88"]
[TimeControl "180+1"]
[BlackFideId "1801236"]
[WhiteElo "2395"]
[BlackElo "2529"]
[BlackTeam "WLS"]
[WhiteClock "0:00:00"]
[BlackClock "0:00:17"]

1. d4 d5 2. c4 c6 3. cxd5 cxd5 4. Nc3 Nf6 5. f3 Nc6 6. e4 dxe4 7. d5 Ne5 8. fxe4 a6 9. Qd4 Qd6 10. Nge2 g6 11. Bf4 Nfd7 12. Ng3 Bg7 13. Qd2 O-O 14. Be2 b5 15. a3 Bb7 16. O-O Rac8 17. Kh1 Qb6 18. Be3 Qd8 19. Bh6 Nc4 20. Bxc4 Rxc4 21. Bxg7 Kxg7 22. b3 Rc8 23. Qd4+ f6 24. Nce2 Qb6 25. Qd2 Ne5 26. Nd4 Rfd8 27. Ne6+ Qxe6 28. Rac1 Qd6 29. b4 Rxc1 30. Rxc1 Rc8 31. Rf1 h5 32. Ne2 Nc4 33. Qd3 Ne5 34. Qd2 Rc4 35. Nd4 Bc8 36. Re1 Ng4 37. Nf3 Bd7 38. h3 Ne5 39. Nd4 Qc7 40. Nb3 Rc3 41. Nc5 Rxa3 42. Qb2 Rg3 43. Nxa6 Qc8 44. Qf2 h4 45. Nc5 Bxh3 46. Rg1 Bg4 47. Qf4 g5 48. Qf2 Nd3 49. Qd4 Nxc5 50. bxc5 h3 51. Kh2 Qb8 52. d6 Rxg2+ 53. Rxg2 hxg2 54. Kxg2 exd6 55. cxd6 Qd8 56. e5 Bd7 0-1

[Event "December 12 Late 2023"]
[Site "https://www.chess.com"]
[Date "2023.12.12"]
[Round "7"]
[White "Buenafe Moya, Javier"]
[Black "Reprintsev, Alexander"]
[Result "0-1"]
[Board "89"]
[TimeControl "180+1"]
[WhiteFideId "2206412"]
[BlackFideId "14100541"]
[WhiteElo "2381"]
[BlackElo "2510"]
[WhiteTeam "ESP"]
[BlackTeam "UKR"]
[WhiteClock "0:00:44"]
[BlackClock "0:01:11"]

1. Nf3 Nc6 2. d4 d5 3. Bf4 Bg4 4. Nc3 e6 5. Nb5 Rc8 6. e3 a6 7. Nc3 Bd6 8. Bxd6 cxd6 9. Be2 Nf6 10. h3 Bh5 11. Nh2 Bg6 12. Bd3 Qb6 13. Rb1 Na5 14. O-O Nc4 15. Na4 Qc6 16. b3 Na3 17. Rc1 b5 18. Nb2 Qc3 19. Bxg6 hxg6 20. Nd3 O-O 21. Nf3 Rc7 22. Nfe1 Rfc8 23. Qe2 e5 24. dxe5 dxe5 25. Kh2 e4 26. Nf4 g5 27. Nh5 Qe5+ 28. Kg1 Nxh5 29. Qxh5 Nxc2 30. Nxc2 Rxc2 31. Rxc2 Rxc2 32. h4 g6 33. Qxg5 Qxg5 34. hxg5 Rxa2 35. Rd1 Ra3 36. Rxd5 Rxb3 37. Rd4 a5 38. Rxe4 a4 39. Re8+ Kg7 40. Ra8 a3 41. Kf1 b4 42. Ke2 Rb2+ 43. Kd3 a2 44. e4 b3 45. e5 Rb1 46. e6 a1=Q 0-1

[Event "December 12 Late 2023"]
[Site "https://www.chess.com"]
[Date "2023.12.12"]
[Round "7"]
[White "Krzywda, Andrzej"]
[Black "Kujawski, Adam"]
[Result "1-0"]
[Board "90"]
[TimeControl "180+1"]
[WhiteFideId "1114565"]
[BlackFideId "1100920"]
[WhiteElo "2500"]
[BlackElo "2355"]
[WhiteTeam "POL"]
[BlackTeam "POL"]
[WhiteClock "0:01:27"]
[BlackClock "0:00:00"]

1. e4 e5 2. Nf3 Nc6 3. Bb5 a6 4. Ba4 Nf6 5. O-O Be7 6. Re1 b5 7. Bb3 O-O 8. a4 Rb8 9. axb5 axb5 10. c3 d6 11. h3 Be6 12. Bxe6 fxe6 13. Qb3 Qd7 14. Ng5 Nd8 15. d4 exd4 16. cxd4 h6 17. Nf3 Kh7 18. Nc3 b4 19. Nb1 Nf7 20. Nbd2 d5 21. e5 Nh5 22. Ra7 g6 23. Nf1 Ra8 24. Rxa8 Rxa8 25. Bd2 Qa4 26. Qd3 c5 27. dxc5 Bxc5 28. Rc1 Bb6 29. Nh4 Nxe5 30. Qe2 Bd4 31. Rc7+ Ng7 32. Bxh6 Kxh6 33. Qd2+ Kh7 34. Qxd4 1-0

[Event "December 12 Late 2023"]
[Site "https://www.chess.com"]
[Date "2023.12.12"]
[Round "7"]
[White "Rose, Felix"]
[Black "Chocenka, Dmitrijus"]
[Result "0-1"]
[Board "91"]
[TimeControl "180+1"]
[WhiteFideId "5105722"]
[BlackFideId "12802336"]
[WhiteElo "2332"]
[BlackElo "2494"]
[WhiteTeam "MEX"]
[BlackTeam "LTU"]
[WhiteClock "0:00:09"]
[BlackClock "0:00:16"]

1. d4 Nf6 2. Nf3 g6 3. Bg5 Bg7 4. Nbd2 d5 5. c3 O-O 6. Bxf6 exf6 7. h4 h5 8. e3 Re8 9. Bd3 f5 10. O-O Nd7 11. g3 Nf6 12. c4 dxc4 13. Nxc4 Be6 14. Nce5 c6 15. Ng5 Bd5 16. Bc4 Re7 17. Qb3 Bxc4 18. Qxc4 Nd5 19. Ngf3 Bf6 20. b4 Kg7 21. a4 a6 22. b5 axb5 23. axb5 Rxa1 24. Rxa1 cxb5 25. Qxb5 Nc3 26. Qb3 Ne4 27. Ra7 Qb8 28. Qa2 Qc7 29. Ra8 b5 30. Ra6 Qc1+ 31. Kg2 Bxe5 32. dxe5 Qc5 33. e6 f6 34. Ra8 Qc6 35. Ra7 Qc5 36. Rxe7+ Qxe7 37. Qd5 b4 38. Nd4 Nc5 39. Qc4 b3 40. Kh2 b2 41. Qb4 Qb7 42. Qxb7+ Nxb7 43. e7 Nd6 44. Nb5 Kf7 45. e8=Q+ Kxe8 46. Nc3 Kd7 47. Kg2 Kc6 48. Kf1 Nb5 49. Nb1 Kc5 50. Ke2 Kb4 51. Kd3 Na3 52. Nd2 b1=Q+ 53. Nxb1 Nxb1 54. f3 Kc5 55. e4 fxe4+ 56. Kxe4 Nd2+ 57. Kf4 Kd5 58. g4 Ke6 59. gxh5 gxh5 60. Ke3 Nc4+ 61. Kf4 Ne5 62. Ke4 f5+ 63. Kf4 Kf6 64. Kg3 Ng6 65. Kh3 Ke5 66. Kg3 Nf4 67. Kf2 Nd5 68. Kg3 f4+ 69. Kf2 Kd4 70. Kg2 Ke3 71. Kg1 Kxf3 72. Kh1 Ke2 73. Kh2 f3 74. Kh3 f2 75. Kh2 f1=Q 76. Kg3 Qf4+ 77. Kh3 Qg4+ 78. Kh2 Kf2 79. Kh1 Qxh4# 0-1

[Event "December 12 Late 2023"]
[Site "https://www.chess.com"]
[Date "2023.12.12"]
[Round "7"]
[White "Sarkar, Justin"]
[Black "Herman, Matthew"]
[Result "0-1"]
[Board "92"]
[TimeControl "180+1"]
[WhiteFideId "2010011"]
[BlackFideId "2028964"]
[WhiteElo "2300"]
[BlackElo "2490"]
[WhiteTeam "USA"]
[BlackTeam "USA"]
[WhiteClock "0:00:00"]
[BlackClock "0:00:11"]

1. d4 Nf6 2. c4 g6 3. Nc3 Bg7 4. e4 d6 5. Nf3 O-O 6. Be2 Nbd7 7. O-O e5 8. Re1 h6 9. Bf1 Nh7 10. g3 Ng5 11. Nxg5 exd4 12. Nb5 hxg5 13. Nxd4 Ne5 14. f3 c5 15. Nb5 g4 16. fxg4 Bxg4 17. Be2 Bxe2 18. Qxe2 Qe7 19. Nc3 Qe6 20. Nd5 Rac8 21. Bg5 Rfe8 22. Rf1 Nd7 23. Rae1 Bd4+ 24. Kg2 f5 25. Nf4 Qf7 26. Qc2 Nb6 27. b3 Re5 28. exf5 gxf5 29. h4 Rce8 30. Rxe5 dxe5 31. Nd3 e4 32. Nf4 Kh7 33. Qe2 Nd7 34. g4 Ne5 35. gxf5 Nf3 36. Rg1 Bxg1 0-1

[Event "December 12 Late 2023"]
[Site "https://www.chess.com"]
[Date "2023.12.12"]
[Round "7"]
[White "Garcia Almaguer, Juan Manuel"]
[Black "Shapiro, Daniel"]
[Result "1-0"]
[Board "93"]
[TimeControl "180+1"]
[WhiteFideId "5110491"]
[BlackFideId "2001780"]
[WhiteElo "2479"]
[BlackElo "2307"]
[WhiteTeam "MEX"]
[BlackTeam "USA"]
[WhiteClock "0:00:20"]
[BlackClock "0:00:00"]

1. e4 c5 2. Nf3 Nc6 3. d4 cxd4 4. Nxd4 Nf6 5. Nc3 d6 6. Be2 e6 7. Be3 a6 8. a4 Qc7 9. O-O Bd7 10. f4 b6 11. Bf3 Rb8 12. Nb3 Be7 13. Kh1 Bc8 14. Qe2 Bb7 15. Qc4 Rc8 16. a5 b5 17. Qe2 O-O 18. Bb6 Qb8 19. g4 Rfe8 20. Qg2 Nb4 21. g5 Nd7 22. Be3 Bf8 23. h4 g6 24. h5 Bg7 25. Rad1 Nxc2 26. Qxc2 b4 27. hxg6 hxg6 28. f5 exf5 29. Bf4 Ne5 30. Bxe5 Bxe5 31. exf5 Bxf3+ 32. Rxf3 Qb7 33. Qe4 Qxe4 34. Nxe4 Rc4 35. fxg6 fxg6 36. Nf6+ Bxf6 37. Rxf6 Rh4+ 38. Kg2 Rg4+ 39. Kf3 Rxg5 40. Nd4 Rd5 41. Rxg6+ Kf7 42. Rg4 Rh8 43. Rc1 Rh3+ 44. Ke4 Rh2 45. Kxd5 1-0

[Event "December 12 Late 2023"]
[Site "https://www.chess.com"]
[Date "2023.12.12"]
[Round "7"]
[White "Osmonbekov, Talaibek"]
[Black "Dmitrenko, Viktor"]
[Result "0-1"]
[Board "94"]
[TimeControl "180+1"]
[WhiteFideId "2017253"]
[BlackFideId "14110270"]
[WhiteElo "2282"]
[BlackElo "2453"]
[WhiteTeam "USA"]
[BlackTeam "UKR"]
[WhiteClock "0:00:00"]
[BlackClock "0:00:40"]

1. d4 e6 2. Nc3 d5 3. Bf4 a6 4. e3 Nf6 5. Nf3 h6 6. Ne5 c5 7. Be2 cxd4 8. exd4 Nc6 9. O-O Bb4 10. Bh5 O-O 11. Rb1 Nxd4 12. Bxf7+ Rxf7 13. Nxf7 Kxf7 14. Qxd4 Be7 15. Na4 Qa5 16. Nb6 Bc5 17. b4 Bxb6 18. Qc3 Qb5 19. Be3 Bxe3 20. fxe3 Bd7 21. Rxf6+ gxf6 22. Rf1 d4 23. Qxd4 e5 24. Qh4 Qc6 25. Qxh6 Rg8 26. Qh5+ Rg6 27. Qh7+ Rg7 28. Qh5+ Kg8 29. Rf2 Qe4 30. Qh6 Rg6 31. Qh5 Bc6 32. Qh3 Qg4 33. Qxg4 Rxg4 34. g3 Kg7 35. Kf1 Rxb4 0-1

[Event "December 12 Late 2023"]
[Site "https://www.chess.com"]
[Date "2023.12.12"]
[Round "7"]
[White "Nilsson, Joakim"]
[Black "Ghosh, Chanchal Kumer"]
[Result "1-0"]
[Board "95"]
[TimeControl "180+1"]
[WhiteFideId "1723383"]
[BlackFideId "10201858"]
[WhiteElo "2432"]
[BlackElo "2106"]
[WhiteTeam "SWE"]
[BlackTeam "BAN"]
[WhiteClock "0:01:48"]
[BlackClock "0:00:00"]

1. d4 d5 2. Nf3 Nf6 3. Bg5 e6 4. Nbd2 Bd6 5. e4 dxe4 6. Nxe4 Be7 7. Bxf6 Bxf6 8. Bd3 b6 9. Nxf6+ Qxf6 10. Be4 c6 11. Ne5 Bb7 12. a4 h6 13. a5 O-O 14. O-O Rd8 15. c3 Qe7 16. Qb3 b5 17. Rfe1 a6 18. f4 Ra7 19. f5 exf5 20. Bxf5 Qf6 21. Nxf7 Rf8 22. Ne5+ Kh8 23. Ng6+ 1-0

[Event "December 12 Late 2023"]
[Site "https://www.chess.com"]
[Date "2023.12.12"]
[Round "7"]
[White "Rogov, Matfey"]
[Black "Biliy, Vadim"]
[Result "1-0"]
[Board "96"]
[TimeControl "180+1"]
[WhiteFideId "44191308"]
[BlackFideId "14114127"]
[WhiteElo "2500"]
[BlackElo "2283"]
[WhiteTeam "RUS"]
[BlackTeam "UKR"]
[WhiteClock "0:01:40"]
[BlackClock "0:00:29"]

1. e4 d6 2. d4 Nf6 3. Nc3 g6 4. Bf4 c6 5. Qd2 b5 6. e5 b4 7. exf6 bxc3 8. Qxc3 exf6 9. d5 Bd7 10. O-O-O Be7 11. Bc4 O-O 12. h4 cxd5 13. Bxd5 Nc6 14. h5 Rc8 15. hxg6 hxg6 16. Qg3 Kg7 17. Bh6+ 1-0

[Event "December 12 Late 2023"]
[Site "https://www.chess.com"]
[Date "2023.12.12"]
[Round "7"]
[White "Kraiouchkine, Nikita"]
[Black "Mejia, Cherry Ann"]
[Result "1/2-1/2"]
[Board "97"]
[TimeControl "180+1"]
[WhiteFideId "2607140"]
[BlackFideId "5206880"]
[WhiteElo "2465"]
[BlackElo "2280"]
[WhiteTeam "CAN"]
[BlackTeam "PHI"]
[WhiteClock "0:00:04"]
[BlackClock "0:00:04"]

1. e4 c5 2. Nf3 Nc6 3. d4 cxd4 4. Nxd4 Qb6 5. Nb3 Nf6 6. Bd3 e6 7. Be3 Qc7 8. c4 d5 9. cxd5 exd5 10. Nc3 dxe4 11. Nxe4 Bb4+ 12. Nc3 O-O 13. O-O Bxc3 14. bxc3 Ng4 15. g3 Qe5 16. Bd4 Qd5 17. f3 Nge5 18. Be4 Qe6 19. Nc5 Qd6 20. Bf2 Qf6 21. f4 Bg4 22. fxe5 Nxe5 23. Qc2 Nf3+ 24. Kg2 Ng5 25. Bd4 Qh6 26. h4 Bh3+ 27. Kh2 Nxe4 28. Qxe4 Bxf1 29. Rxf1 Rae8 30. Qxb7 Re2+ 31. Rf2 Qd2 32. Qf3 Rxf2+ 33. Qxf2 Qd1 34. Nd7 Re8 35. Ne5 f6 36. Qf3 Qc2+ 37. Kh3 fxe5 38. Qd5+ Kh8 39. Qf7 Rg8 40. Bxe5 Qg6 41. Qe7 Qf5+ 42. Kg2 h6 43. Qd6 Kh7 44. Bd4 Qc2+ 45. Kh3 Qxa2 46. Qd7 Qc2 47. Qc7 a6 48. Qd6 Qf5+ 49. Kg2 Re8 50. Qxa6 Qe4+ 51. Kh3 Qf5+ 52. Kg2 Rf8 53. Qa7 Qf3+ 54. Kh3 Qf1+ 55. Kg4 Qe2+ 56. Kh3 Qf1+ 57. Kh2 Qe2+ 58. Kh3 Qf1+ 1/2-1/2

[Event "December 12 Late 2023"]
[Site "https://www.chess.com"]
[Date "2023.12.12"]
[Round "7"]
[White "Golubenko, Valentina"]
[Black "Kovalevsky, Stanislav"]
[Result "1-0"]
[Board "98"]
[TimeControl "180+1"]
[WhiteFideId "4501993"]
[BlackFideId "13508598"]
[WhiteElo "2265"]
[BlackElo "2464"]
[WhiteTeam "CRO"]
[BlackTeam "FID"]
[WhiteClock "0:00:09"]
[BlackClock "0:00:44"]

1. d4 d5 2. g3 Nf6 3. Bg2 c6 4. c4 Bf5 5. Nc3 e6 6. Nf3 Nbd7 7. O-O a5 8. Nd2 Bb4 9. e4 Bxc3 10. exf5 Bxd4 11. fxe6 fxe6 12. Qe2 e5 13. Nf3 O-O 14. Nxd4 exd4 15. Bf4 dxc4 16. Qxc4+ Kh8 17. Qxd4 Qb6 18. Qxb6 Nxb6 19. h3 Nfd5 20. Bd6 Rfe8 21. Rfe1 Kg8 22. Bc5 Kf7 23. Rad1 Rxe1+ 24. Rxe1 Re8 25. Rxe8 Kxe8 26. f4 g6 27. Kf2 Kd7 28. Bf3 Na4 29. Bd4 Nb4 30. a3 Nc2 31. Be5 Nc5 32. Ke2 a4 33. Bg4+ Ke7 34. Kd2 Na1 35. Kc3 Ne4+ 36. Kb4 b5 37. Bf3 Nc2+ 38. Ka5 Nxg3 39. Bxc6 b4 40. axb4 a3 41. bxa3 Nxa3 42. b5 Nxb5 43. Kxb5 Ke6 44. Kc5 Ne2 45. Bb7 Kf5 46. Bc8+ Ke4 47. Kd6 Nxf4 48. Bxf4 Kxf4 49. Kd5 Kg5 50. Ke5 Kh4 51. Kf6 Kh5 52. Bg4+ Kh6 53. h4 g5 54. hxg5# 1-0

[Event "December 12 Late 2023"]
[Site "https://www.chess.com"]
[Date "2023.12.12"]
[Round "7"]
[White "Sultanbek, Zeinep"]
[Black "Arnold, Ken"]
[Result "0-1"]
[Board "99"]
[TimeControl "180+1"]
[WhiteFideId "13710419"]
[BlackFideId "2056836"]
[WhiteElo "2257"]
[BlackElo "2451"]
[WhiteTeam "KAZ"]
[BlackTeam "USA"]
[WhiteClock "0:00:01"]
[BlackClock "0:00:53"]

1. d4 Nf6 2. c4 e6 3. g3 b6 4. Bg2 c6 5. Nf3 Ba6 6. b3 Bb4+ 7. Bd2 Qe7 8. O-O O-O 9. Bxb4 Qxb4 10. a3 Qe7 11. Nc3 d5 12. Ne5 Nfd7 13. Nxd7 Nxd7 14. cxd5 cxd5 15. Rc1 Rac8 16. b4 Bc4 17. Re1 Rfd8 18. e4 dxe4 19. Nxe4 Bd5 20. Qd2 Nf8 21. Rc2 Rxc2 22. Qxc2 Qb7 23. Rd1 h6 24. f3 Qd7 25. Qf2 Rc8 26. Qe3 Rc2 27. Qc3 0-1

[Event "December 12 Late 2023"]
[Site "https://www.chess.com"]
[Date "2023.12.12"]
[Round "7"]
[White "Cooper, Aaron"]
[Black "Weisz, Bryan"]
[Result "0-1"]
[Board "100"]
[TimeControl "180+1"]
[WhiteFideId "2634945"]
[BlackFideId "30934133"]
[WhiteElo "2256"]
[BlackElo "2442"]
[WhiteTeam "CAN"]
[BlackTeam "USA"]
[WhiteClock "0:00:03"]
[BlackClock "0:00:13"]

1. d4 Nf6 2. Bf4 e6 3. e3 Bd6 4. Bg3 h5 5. Nf3 Ne4 6. Bd3 h4 7. Bxd6 Nxd6 8. Nbd2 h3 9. g3 b5 10. c3 Bb7 11. Qe2 f5 12. Bxb5 g5 13. Rg1 g4 14. Ne5 Nxb5 15. Qxb5 Qc8 16. O-O-O Nc6 17. Ndc4 Rb8 18. Qa4 O-O 19. Qc2 d6 20. Ng6 Rf6 21. Nf4 Ba6 22. Nd2 Qb7 23. d5 Ne5 24. Nxe6 Nd3+ 25. Kb1 Nxb2 26. Nb3 Nxd1 27. Rxd1 Bc4 28. Nd4 Qxd5 29. Ka1 Qe4 30. Qd2 c5 31. Nc2 Bxb3 32. axb3 Rxb3 33. Ka2 Qa4+ 34. Na3 Qxa3# 0-1

[Event "December 12 Late 2023"]
[Site "https://www.chess.com"]
[Date "2023.12.12"]
[Round "7"]
[White "youngdinousaur"]
[Black "Urbina Perez, Juan Antonio"]
[Result "0-1"]
[Board "101"]
[TimeControl "180+1"]
[BlackFideId "2217368"]
[WhiteElo "2255"]
[BlackElo "2438"]
[BlackTeam "ESP"]
[WhiteClock "0:00:03"]
[BlackClock "0:00:24"]

1. d4 Nf6 2. Nf3 g6 3. Nc3 d5 4. Bf4 Bg7 5. e3 O-O 6. Be2 Nh5 7. Bg5 h6 8. Bh4 g5 9. Ne5 gxh4 10. Bxh5 Nd7 11. Nxf7 Rxf7 12. Bxf7+ Kxf7 13. Qh5+ Kf8 14. Qxd5 c6 15. Qh5 Nf6 16. Qxh4 Qb6 17. O-O-O Nd5 18. Nxd5 cxd5 19. Qf4+ Kg8 20. g4 Be6 21. h4 Rf8 22. Qg3 Qd6 23. f4 Qa6 24. Kb1 Qe2 25. Rhe1 Qxg4 26. Qxg4 Bxg4 27. Rd2 h5 28. e4 dxe4 29. Rxe4 Bf6 30. Rh2 Rd8 31. Kc1 Bxd4 32. c3 Bf6 33. Rc4 Rd7 34. a4 Kf7 35. a5 Rd5 36. Rc7 Rb5 37. a6 bxa6 38. Rxa7 a5 39. Kb1 Rf5 40. Ka2 Bd1 41. Ka3 a4 42. Rb7 Rxf4 43. Rb4 Rf1 44. Rxa4 Bxa4 45. Kxa4 Rf4+ 46. Kb5 Rxh4 47. c4 Rxh2 0-1